 Dungeon Crawl Stone Soup version 0.15-a0-193-gf781f13 (webtiles) character file.

202 PolkaDot the Cutter (level 4, -1/37 HPs)
             Began as a Vampire Chaos Knight on Apr 22, 2014.
             Was a Plaything of Xom.
             Slain by Grinder (2 damage)
             ... on Level 3 of the Dungeon.
             The game lasted 00:05:58 (2145 turns).

PolkaDot the Cutter (Vampire Chaos Knight)          Turns: 2145, Time: 00:05:59

HP  -1/37        AC  6     Str 11      XL: 4   Next: 78%
MP   4/4         EV 10     Int 19      God: Xom
Gold 80          SH  8     Dex 17      Spells:  0 memorised,  3 levels left

rFire  . . .     SeeInvis +     a - +0 short sword (chaos)
rCold  . . .     Clarity  .     b - +2 leather armour
rNeg   . . .     Conserve .     n - +0 buckler
rPois  .         rCorr    .     (no helmet)
rElec  .         rRot     .     (no cloak)
SustAb . .       Spirit   .     (no gloves)
rMut   .         Warding  .     j - +0 pair of boots
Saprov . . .     Stasis   .     (no amulet)
MR     .....                    k - +3 ring of dexterity
                                g - ring of sustenance

@: regenerating very quickly, brilliant, lethally poisoned, not resistant to
hostile enchantments, unstealthy
A: fangs 3, see invisible, unbreathing
a: Renounce Religion


You were on level 3 of the Dungeon.
You worshipped Xom.
You were a toy of Xom.
You were almost alive.

You visited 1 branch of the dungeon, and saw 3 of its levels.

You collected 80 gold pieces.

Inventory:

Hand weapons
 a - a +0,+0 short sword of chaos (weapon)
Armour
 b - a +2 leather armour (worn)
 j - a +0 pair of boots (worn)
 n - a +0 buckler (worn)
Scrolls
 c - a scroll of magic mapping {unknown}
 d - a scroll of teleportation {unknown}
 f - a scroll of amnesia {unknown}
 i - 2 scrolls of blinking
Jewellery
 g - a ring of sustenance (left hand)
 k - a +3 ring of dexterity (right hand)
Potions
 e - a potion of haste
 m - a potion of magic


   Skills:
 + Level 3.7 Fighting
 * Level 5.2 Short Blades
 - Level 0.7 Armour
 - Level 2.1 Dodging


You had 3 spell levels left.
You didn't know any spells.

Dungeon Overview and Level Annotations

Branches:
Dungeon (3/15)

Altars:
Dithmenos

Annotations:
D:3 Grinder


Innate Abilities, Weirdness & Mutations

Your natural rate of healing is extremely fast.
You have razor-sharp teeth.*
You have supernaturally acute eyesight.
You can survive without breathing.*


Message History

Grinder is heavily wounded.
Grinder hits you!
* * * LOW HITPOINT WARNING * * *
You writhe in agony.
* * * LOW HITPOINT WARNING * * *
Drink which item? (? for menu, Esc to quit)
You feel clever all of a sudden.
It was a potion of brilliance.
Xom roars with laughter!
Grinder hits you but does no damage.
Drink which item? (? for menu, Esc to quit)
That liquid tasted very nasty...
You are lethally poisoned!
It was a potion of poison.
* * * LOW HITPOINT WARNING * * *
You feel sick. Grinder hits you.
* * * LOW HITPOINT WARNING * * *
You writhe in agony.
You die...
Xom is highly amused!

#### ### ..# ##### #.. # #5#
#...#### #.###.#
#@#########.....>. #.....#
#!............%%.. #.....#
#............#.... ##.###
#.###............. #....#
#.#............... #.##.#
..#.####...#######
#####.##.#########.##P#...#.#
......##...........##.#...#P#####
....#.#####..#####.##.#...#.##...


You could see Grinder (invisible).

Vanquished Creatures
  Ijyb (D:3)
  2 adders (D:3)
  A gnoll (shapeshifter) (D:2)
  A worm (D:3)
  2 giant geckos
  An ooze (D:2)
  2 orcs (D:3)
  2 giant cockroaches
  11 hobgoblins
  3 jackals (D:1)
  6 bats
  3 giant newts
  4 goblins
  14 kobolds
  3 quokkas
  10 rats
  A plant (D:1)
67 creatures vanquished.

Vanquished Creatures (collateral kills)
  A giant gecko (D:1)
1 creature vanquished.

Vanquished Creatures (others)
  A quokka (D:2)
  A kobold zombie (D:1)
2 creatures vanquished.

Grand Total: 70 creatures vanquished

Notes
Turn   | Place    | Note
--------------------------------------------------------------
     0 | D:1      | PolkaDot, the Vampire Chaos Knight, began the quest for the Orb.
     0 | D:1      | Reached XP level 1. HP: 17/17 MP: 1/1
   104 | D:1      | Reached XP level 2. HP: 20/23 MP: 2/2
   584 | D:1      | Reached skill level 4 in Short Blades
   896 | D:1      | HP: 1/24 [giant gecko (4)]
   899 | D:1      | Reached XP level 3. HP: 2/29 MP: 3/3
  1366 | D:2      | XOM: cast spell 'Metabolic Englaciation'
  1587 | D:2      | Found a shadowy altar of Dithmenos.
  1589 | D:2      | Reached XP level 4. HP: 35/35 MP: 4/4
  1937 | D:3      | XOM: potion effect (brilliance)
  2052 | D:3      | Noticed Ijyb
  2061 | D:3      | Killed Ijyb
  2061 | D:3      | Reached skill level 5 in Short Blades
  2107 | D:3      | XOM: enchant monster (good)
  2123 | D:3      | Noticed Grinder
  2127 | D:3      | XOM: confuse monster(s)
  2133 | D:3      | Paralysed by Grinder for 3 turns
  2145 | D:3      | HP: 1/37 [Grinder (1)]
  2145 | D:3      | Slain by Grinder

Action                   |  1- 3 |  4- 6 || total
-------------------------+-------+-------++-------
Melee: Short sword       |   221 |    65 ||   286
  Use: Potion            |     1 |     4 ||     5
       Scroll            |       |     3 ||     3
 Stab: Sleeping          |     1 |       ||     1
       Paralysed         |       |     3 ||     3
       Confused          |       |     2 ||     2
